 Dungeon Crawl Stone Soup version 0.22-a0-515-g75794bf (webtiles) character file.

77 pk666 the Firebug (level 4, -4/24 HPs)
             Began as a Deep Elf Fire Elementalist on June 20, 2018.
             Slain by a gnoll
             ... wielding a +0 whip of electrocution
              (15 damage)
             ... on level 2 of the Dungeon.
             The game lasted 00:02:53 (1283 turns).

pk666 the Firebug (Deep Elf Fire Elementalist)      Turns: 1283, Time: 00:02:54

Health: -4/24      AC:  2    Str:  5    XL:     4   Next: 14%
Magic:  1/11       EV: 13    Int: 21    God:
Gold:   75         SH:  3    Dex: 15    Spells: 9/10 levels left

rFire    . . .     SeeInvis .   (no weapon)
rCold    . . .     Gourm    .   (no shield)
rNeg     + . .     Faith    .   a - +0 robe
rPois    .         Spirit   .   (no helmet)
rElec    .         Reflect  +   (no cloak)
rCorr    .         Harm     .   (no gloves)
MR       .....                  (no boots)
Stlth    ++........             f - +3 amulet of reflection
HPRegen  0.08/turn              d - ring of positive energy
MPRegen  0.12/turn              (no ring)

@: very slightly contaminated
A: no striking features
a: no special abilities


You were on level 2 of the Dungeon.
You were not hungry.

You visited 1 branch of the dungeon, and saw 2 of its levels.

You collected 75 gold pieces.

Inventory:

Armour
 a - a +0 robe (worn)
Jewellery
 d - a ring of positive energy (left hand)
 f - a +3 amulet of reflection (around neck)
Scrolls
 b - 4 scrolls of identify {unknown}
 g - a scroll of teleportation {unknown}
 j - a scroll of magic mapping {unknown}
 m - a scroll of fog {unknown}
 n - a scroll of enchant weapon {unknown}
 o - a scroll of fear {unknown}
 p - a scroll of random uselessness {unknown}
Potions
 e - a potion of invisibility {unknown}
 h - 2 potions of curing {unknown}
 i - a potion of flight {unknown}
 k - a potion of lignification {unknown}
Comestibles
 c - 5 rations


   Skills:
 - Level 2.4 Dodging
 - Level 2.4 Stealth
 + Level 3.9 Spellcasting
 * Level 3.2 Conjurations
 + Level 3.9 Fire Magic


You had 9 spell levels left.
You knew the following spells:

 Your Spells              Type           Power        Failure   Level  Hunger
a - Flame Tongue          Conj/Fire      ###..        2%          1    None

Your spell library contained the following spells:

 Spells                   Type           Power        Failure   Level  Hunger
 Fireball                 Conj/Fire      ###.......   58%         5    ######.
 Conjure Flame            Conj/Fire      ###.....     9%          3    ###....
 Throw Flame              Conj/Fire      ###...       4%          2    #......
 Sticky Flame             Conj/Fire      ###.....     26%         4    ####...
 Inner Flame              Hex/Fire       ##......     16%         3    ###....


Dungeon Overview and Level Annotations

Branches:
Dungeon (2/15)

Altars:


Message History

The flame tongue hits the kobold.
The kobold is severely wounded.
The kobold closely misses you.
Casting: Flame Tongue (safe; 2% risk of failure)
Confirm with . or Enter, or press ? or * to list all spells.
Aiming: Flame Tongue (safe; 2% risk of failure)
Press: ? - help, Shift-Dir - straight line, f/p - kobold
Aim: a kobold (severely wounded)
The flame tongue hits the kobold.
You kill the kobold!
Casting: Flame Tongue (safe; 2% risk of failure)
Confirm with . or Enter, or press ? or * to list all spells.
Aiming: Flame Tongue (safe; 2% risk of failure)
Press: ? - help, Shift-Dir - straight line, f - gnoll
Aim: a gnoll, wielding a whip of electrocution The flame tongue hits the gnoll.
The gnoll appears unharmed.
The gnoll hits you with a whip of electrocution.
You are electrocuted!
Ouch! That really hurt!
You die...

## .# .# ########### .#
########.........# #### .#
#.....##.#######.#########... .#
#.###.##.# #.............
.####.###.##.#######(............
<...............@g)....).........
..###.###.##.##.####...........##
..........##.##.####.###########
...##.######.##.#.....# ...##(.
..##.#.....# ...#### #.##.#.....#
...## #.##.#.....# ....#
####.##+#.## ....# #.##...#


You could see a gnoll.

Vanquished Creatures
  2 gnolls (D:2)
  An adder (D:2)
  An ooze (D:2)
  3 dart slugs
  A ball python (D:1)
  7 bats
  A giant cockroach (D:2)
  3 goblins
  4 hobgoblins
  2 jackals (D:1)
  3 kobolds (D:2)
  9 frilled lizards
  5 rats (D:1)
42 creatures vanquished.

Notes
Turn   | Place    | Note
-------+----------+-------------------------------------------
     0 | D:1      | pk666 the Deep Elf Fire Elementalist began the quest for the Orb.
     0 | D:1      | Reached XP level 1. HP: 10/10 MP: 6/6
   182 | D:1      | Reached XP level 2. HP: 12/15 MP: 2/8
   922 | D:2      | Reached XP level 3. HP: 19/19 MP: 8/10
  1280 | D:2      | Reached XP level 4. HP: 15/24 MP: 4/11
  1283 | D:2      | Slain by a gnoll

Vault maps used:
D:1:      giann_wishing_wells
D:2:      kennysheep_the_goblin_king

Skill      XL: |  1  2  3 |
---------------+----------+-----
Conjurations   | 2 3 |  3.2
Dodging        | |  2.4
Stealth        | |  2.4
Spellcasting   | |  3.9
Fire Magic     | |  3.9

Action                   |  1- 3 |  4- 6 || total
-------------------------+-------+-------++-------
 Cast: Flame Tongue      |    71 |     4 ||    75
  Eat: Chunk             |     1 |       ||     1
Armor: Robe              |     6 |       ||     6
Dodge: Dodged            |    20 |     1 ||    21
Block: Other             |     3 |       ||     3
       Reflection        |     1 |       ||     1

Table legend:
 A = Spawn XP
 B = Non-spawn XP
 C = Spawn XP percentage of total XP
 D = Spawn monster count
 E = Non-spawn monster count
 F = Spawn count percentage of total count
 G = Total turns spent on level
                    A         B        C        D         E        F      G
               +---------+---------+-------+---------+---------+-------+---------
         Total |       0 |     111 |   0.0 |       0 |      42 |   0.0 |  1283
               +---------+---------+-------+---------+---------+-------+---------
           D:1 |       0 |      27 |   0.0 |       0 |      18 |   0.0 |   846
           D:2 |       0 |      84 |   0.0 |       0 |      24 |   0.0 |   437
               +---------+---------+-------+---------+---------+-------+---------
